 Dungeon Crawl Stone Soup version 0.27-a0-681-g0c81a3c1c3 (webtiles) character file.

Game seed: 2061545686980087910

185 rednaxela the Grave Robber (level 5, -2/35 HPs)
             Began as a Mummy Necromancer on Mar 20, 2021.
             Slain by a phantom (8 damage)
             ... on level 4 of the Dungeon.
             The game lasted 00:11:31 (4252 turns).

rednaxela the Grave Robber (Mummy Necromancer)      Turns: 4252, Time: 00:11:31

Health: -2/35      AC:  6    Str: 13    XL:     5   Next: 37%
Magic:  12/12      EV: 10    Int: 14    God:
Gold:   110        SH:  0    Dex: 12    Spells: 9/14 levels left

rFire    x . .     SeeInvis .   a - +0 long sword
rCold    + . .     Faith    .   (no shield)
rNeg     + + +     Spirit   .   e - +0 ring mail
rPois    ∞         Reflect  .   (no helmet)
rElec    .         Harm     .   (no cloak)
rCorr    .         Rampage  .   n - +0 pair of gloves
Will     .....                  (no boots)
Stlth    +.........             (no amulet)
HPRegen  0.11/turn              (no ring)
MPRegen  0.13/turn              (no ring)

@: no status effects
A: cold resistance 1, negative energy resistance 3, torment resistance 2,
unbreathing 1, heat vulnerability 1, no potions
a: no special abilities


You were on level 4 of the Dungeon.
You visited 1 branch of the dungeon, and saw 5 of its levels.

You collected 110 gold pieces.

Inventory:

Hand Weapons
 a - a +0 long sword (weapon)
   (You found it on level 3 of the Dungeon)
 b - a +0 hunting sling
   (You found it on level 1 of the Dungeon)
Missiles
 c - 41 arrows
 h - 157 stones
 i - 10 sling bullets
Armour
 d - a +0 robe
 e - a +0 ring mail (worn)
   (You found it on level 1 of the Dungeon)
 n - a +0 pair of gloves (worn)
   (You found it on level 3 of the Dungeon)
Magical Staves
 k - a staff of air
   (You found it on level 2 of the Dungeon)
Wands
 l - a wand of digging (7) {@v3}
   (You found it on level 3 of the Dungeon)
Scrolls
 f - a scroll of blinking {unknown}
 g - a scroll of vulnerability
 j - 3 scrolls of teleportation {@r3 !r}
 m - a scroll of amnesia {unknown}
 o - a scroll of enchant weapon
 p - a scroll of magic mapping {@r5 !r}
 q - a scroll of fog {unknown}


   Skills:
 + Level 0.7 Long Blades
 - Level 1.5 Dodging
 - Level 1.5 Stealth
 - Level 5.1 Spellcasting
 - Level 5.4 Necromancy


You had 9 spell levels left.
You knew the following spells:

 Your Spells              Type           Power      Damage    Failure   Level
a - Pain                  Necr           72%        1d7       4%          1
b - Animate Skeleton      Necr           36%        N/A       4%          1
c - Vampiric Draining     Necr           9%         2d7       12%         3

Your spell library contained the following spells:

 Spells                   Type           Power      Damage    Failure   Level
 Corona                   Hex            3%         N/A       36%         1
 Animate Dead             Necr           9%         N/A       38%         4
 Ensorcelled Hibernation  Hex/Ice        6%         N/A       50%         2
 Confusing Touch          Hex            3%         N/A       75%         3
 Dazzling Flash           Conj/Hex       6%         N/A       75%         3
 Tukima's Dance           Hex            3%         N/A       75%         3
 Agony                    Necr           18%        N/A       75%         5


Dungeon Overview and Level Annotations

Branches:
Dungeon (5/15)
 Temple: D:4-7

Altars:
Dithmenos
Kikubaaqudgha
Xom

Shops:
D:4 [


Innate Abilities, Weirdness & Mutations

You are immune to poison.
Your flesh is cold resistant. (rC+)
You are immune to negative energy. (rN+++)
You are immune to unholy pain and torment.
You can survive without breathing.
You are vulnerable to heat. (rF-)
You do not drink.


Message History

The hound zombie barely misses you. The hound zombie completely misses you.
You riposte.
You hit the hound zombie.
The hound zombie is severely damaged.
You barely miss the hound zombie.
The hound zombie is severely damaged.
The hound zombie bites you but does no damage. x2
You closely miss the hound zombie.
The hound zombie is severely damaged.
The hound zombie bites you.
The hound zombie bites you but does no damage.
You barely miss the hound zombie.
The hound zombie is severely damaged.
The hound zombie closely misses you.
You riposte.
You hit the hound zombie.
The hound zombie is almost destroyed.
You slash the hound zombie!
You destroy the hound zombie!
No target in view!
You start resting.
HP restored.
A quokka comes into view.
Found a stone staircase leading down.
You see here a book of Maledictions.
You pick up a book of Maledictions and begin reading...
You add the spells Corona, Ensorcelled Hibernation, Confusing Touch, Tukima's Dance and Dazzling Flash to your library.
The quokka bites you but does no damage.
You closely miss the quokka.
The quokka twitches its whiskers.
The quokka bites you but does no damage.
You closely miss the quokka.
The quokka bites you but does no damage. x2
You barely miss the quokka.
The quokka bites you but does no damage.
You hit the quokka.
The quokka is heavily wounded.
The quokka barely misses you. The quokka closely misses you.
You riposte.
You barely miss the quokka.
The quokka is heavily wounded.
You hit the quokka but do no damage.
The quokka is heavily wounded.
The quokka bites you but does no damage.
The quokka bites you.
You closely miss the quokka.
The quokka is heavily wounded.
The quokka misses you.
You closely miss the quokka.
The quokka is heavily wounded.
The quokka bites you.
The quokka bites you but does no damage.
You slash the quokka!
You kill the quokka!
You see here a quokka corpse.
There is a stone staircase leading up here.
You climb upwards.
There is a stone staircase leading down here.
HP restored.
q - a scroll labelled URYATTUT LUCA
Found Zuejut's Armour Shoppe.
A phantom comes into view.
Found 15 gold pieces.
A phantom is nearby!
b - a +0 hunting sling (weapon)
You shoot a sling bullet.
The sling bullet barely misses the phantom.
You shoot a sling bullet. The sling bullet hits the phantom.
The phantom is lightly damaged.
You shoot a sling bullet. The sling bullet hits the phantom.
The phantom is moderately damaged.
a - a +0 long sword (weapon)
You hit the phantom.
The phantom is heavily damaged.
The phantom hits you. The phantom barely misses you.
You hit the phantom.
The phantom is severely damaged.
The phantom hits you.
You hit the phantom but do no damage.
The phantom is severely damaged.
The phantom hits you.
You hit the phantom but do no damage.
The phantom is severely damaged.
The phantom hits you.
* * * LOW HITPOINT WARNING * * *
The phantom hits you but does no damage.
You are too injured to fight recklessly!
You hit the phantom but do no damage.
The phantom is severely damaged.
The phantom hits you but does no damage.
You closely miss the phantom.
The phantom is heavily damaged.
The phantom hits you.
* * * LOW HITPOINT WARNING * * *
You barely miss the phantom.
The phantom is heavily damaged.
The phantom hits you!
* * * LOW HITPOINT WARNING * * *
The phantom blinks!
You blink.
The phantom hits you.
* * * LOW HITPOINT WARNING * * *
You closely miss the phantom.
The phantom is heavily damaged.
The phantom hits you!
You die...

#####....... ##.....#
#..##### #.## #(# #(#
####.# #.W§.#
#######@####
#..........#
#..........#
#..........#
#.....)....#####
#..............# #
#>.........###.#########
#.>........# #........##
#..........# ########...


You could see a phantom.

Vanquished Creatures
  A hound zombie (D:5)
  2 adders (D:3)
  4 worms
  3 leopard geckos
  5 giant cockroaches
  8 hobgoblins
  4 jackals (D:1)
  7 kobolds
  3 quokkas
  A ball python (D:3)
  8 bats
  5 frilled lizards
  7 goblins
  2 rats
60 creatures vanquished.

Vanquished Creatures (collateral kills)
  A rat (D:1)
1 creature vanquished.

Vanquished Creatures (others)
  5 dream sheep (D:3)
5 creatures vanquished.

Grand Total: 66 creatures vanquished

Notes
Turn   | Place    | Note
-------+----------+-------------------------------------------
     0 | D:1      | rednaxela the Mummy Necromancer began the quest for the
                  | Orb.
     0 | D:1      | Reached XP level 1. HP: 13/13 MP: 4/4
    79 | D:1      | Learned a level 1 spell: Animate Skeleton
   208 | D:1      | Reached skill level 3 in Spellcasting
   314 | D:1      | Reached XP level 2. HP: 19/19 MP: 4/6
  1551 | D:2      | Reached XP level 3. HP: 24/24 MP: 5/8
  2071 | D:2      | Found an ancient bone altar of Kikubaaqudgha.
  2710 | D:3      | Reached skill level 4 in Spellcasting
  2809 | D:3      | Found a shadowy altar of Dithmenos.
  3020 | D:3      | Reached XP level 4. HP: 30/30 MP: 5/10
  3510 | D:3      | Reached skill level 5 in Necromancy
  3642 | D:3      | Noticed a dream sheep
  3642 | D:3      | Noticed a dream sheep
  3642 | D:3      | Noticed a dream sheep
  3642 | D:3      | Noticed a dream sheep
  3642 | D:3      | Noticed a dream sheep
  3642 | D:3      | Found a shimmering altar of Xom.
  3643 | D:3      | Killed a dream sheep
  3644 | D:3      | Reached skill level 5 in Spellcasting
  3644 | D:3      | Reached XP level 5. HP: 35/35 MP: 9/12
  3645 | D:3      | Killed a dream sheep
  3646 | D:3      | Killed a dream sheep
  3646 | D:3      | Killed a dream sheep
  3646 | D:3      | Killed a dream sheep
  3887 | D:3      | Learned a level 3 spell: Vampiric Draining
  3913 | D:4      | Noticed an ogre
  4014 | D:4      | Noticed an air elemental
  4091 | D:5      | Entered Level 5 of the Dungeon
  4229 | D:4      | Found Zuejut's Armour Shoppe.
  4230 | D:4      | Noticed a phantom
  4252 | D:4      | Slain by a phantom

Illustrated notes

Levels and vault maps discovered:
D:1:      matt_arrival_diagonals, layout_basic
D:2:      layout_loops_ring, nicolae_overflow_crystal_walls
D:3:      wander_river, layout_loops_ring, old_standard_altar,
          kb_xom_exploding_sheep
D:4:      layout_rooms, nicolae_qazlal_style_of_elements,
          yredelemnul_altar_generic, serial_shops, shop
D:5:      layout_loops_ring, minmay_temple_entry_overgrown, serial_park_tiny_1,
          uniq_ijyb

Skill      XL: |  1  2  3  4 |
---------------+-------------+-----
Spellcasting   | 3 4 5 |  5.1
Necromancy     | 5 |  5.4
Long Blades    | |  0.7
Dodging        | |  1.5
Stealth        | |  1.5

Action                   |  1- 3 |  4- 6 || total
-------------------------+-------+-------++-------
Melee: Unarmed           |     3 |       ||     3
       Dagger            |    16 |       ||    16
       Long sword        |       |    34 ||    34
 Fire: Hunting sling     |       |    19 ||    19
 Cast: Pain              |   106 |    34 ||   140
       Animate Skeleton  |     4 |       ||     4
  Use: Scroll            |     1 |     4 ||     5
Armor: Robe              |     2 |       ||     2
       Ring mail         |    11 |    27 ||    38
Dodge: Dodged            |    21 |    19 ||    40
       Rpst.: Long sword |       |     4 ||     4

Table legend: (Time is in decaauts)
 A = Elapsed time spent in this place.
 B = Non-inter-level travel time spent in this place.
 C = Inter-level travel time spent in this place.
 D = Time resting spent in this place.
 E = Time spent auto-exploring this place.
 F = Levels seen in this place.
 G = Mean time per level.
                   A        B        C        D        E       F      G
               +--------+--------+--------+--------+--------+-----+--------+
         Total |   4289 |   3955 |    334 |    276 |   2970 |   5 |  857.8 |
       Dungeon |   4289 |   3955 |    334 |    276 |   2970 |   5 |  857.8 |
               +--------+--------+--------+--------+--------+-----+--------+

Top non-repeatable levels by time:
     D:1: 1545 daAuts
     D:3: 1255 daAuts
     D:2: 1212 daAuts
     D:4: 202 daAuts
     D:5: 73 daAuts
